 Dungeon Sprint DCSS version 0.23-a0-183-gf37f6fb (webtiles) character file.

69508 Kidiri the Peltast (level 14, -26/149 HPs)
             Began as a Minotaur Fighter on Sept 22, 2018.
             Was a High Priest of Okawaru.
             Killed from afar by Nikola (32 damage)
             ... with a chain lightning
             ... in the Dungeon (Sprint IX: "|||||||||||||||||||||||||||||").
             The game lasted 00:22:24 (4571 turns).

Kidiri the Peltast (Minotaur Fighter)               Turns: 4571, Time: 00:22:25

Health: -26/149    AC: 19    Str: 29    XL:     14   Next: 90%
Magic:  14/21      EV: 23    Int:  5    God:    Okawaru [*****.]
Gold:   436        SH: 34    Dex: 13    Spells: 13/13 levels left

rFire    + . .     SeeInvis .   N - +1 double sword
rCold    + + .     Gourm    .   w - +3 large shield
rNeg     . . .     Faith    .   S - +1 ring mail of the Merchant {rF+ rC+ rCorr Stlth-}
rPois    +         Spirit   .   J - +2 hat
rElec    .         Reflect  .   (no cloak)
rCorr    +         Harm     .   O - +1 pair of gloves
MR       +....     NoTele   +   I - +0 pair of boots {Stlth+}
Stlth    +++++.....             b - amulet of regeneration
HPRegen  0.74/turn              u - +6 ring of strength
MPRegen  0.17/turn              K - ring of poison resistance

@: heroism, finesse
A: retaliatory headbutt, horns 2, large bone plates 1, cold resistance 1
a: Heroism, Finesse, Renounce Religion


You were in the Dungeon.
You worshipped Okawaru.
Okawaru was extremely pleased with you.
You were not hungry.

You visited 1 branch You collected 1919 gold pieces.
You spent 1483 gold pieces at shops.

Inventory:

Hand Weapons
 a - a +2 scimitar of holy wrath
 t - a +4 scimitar of flaming
 N - a +1 double sword (weapon)
Missiles
 g - 9 poisoned javelins
 y - 5 javelins of returning
 B - 23 tomahawks
 D - 8 poisoned tomahawks
 H - 12 steel tomahawks
 L - 4 silver javelins
 T - 7 javelins of penetration (quivered)
 U - 3 throwing nets
 V - 2 steel javelins
Armour
 w - a +3 large shield (worn)
 I - a +0 pair of boots of stealth (worn)
 J - a +2 hat (worn)
 O - a +1 pair of gloves (worn)
 P - a +2 plate armour of cold resistance
 S - the +1 ring mail of the Merchant (worn) {rF+ rC+ rCorr Stlth-}
   (Okawaru gifted it to you in the Dungeon)

   It protects you from fire.
   It protects you from cold.
   It provides partial protection from all sources of acid and corrosion.
   It makes you less stealthy.
Jewellery
 b - an amulet of regeneration (around neck)
 j - a +6 ring of intelligence
 q - a +2 ring of evasion
 r - a +3 ring of dexterity
 u - a +6 ring of strength (left hand)
 A - an uncursed ring of protection from magic
 K - a ring of poison resistance (right hand)
 M - an uncursed ring of protection from cold
Wands
 p - a wand of acid (10)
Scrolls
 k - 3 scrolls of blinking
 n - 10 scrolls of remove curse
 o - 2 scrolls of amnesia
 x - 3 scrolls of fog
 z - 2 scrolls of enchant weapon
 Q - 6 scrolls of enchant armour
 R - 2 scrolls of identify
Potions
 c - a potion of heal wounds
 d - 6 potions of might
 e - 8 potions of curing
 h - 4 potions of haste
 i - 8 potions of magic
 l - a potion of brilliance
 m - 2 potions of invisibility
 s - 7 potions of berserk rage
 v - a potion of flight
 E - 2 potions of resistance
 F - 4 potions of lignification
 G - 2 potions of agility
Comestibles
 f - 10 rations
 C - 4 chunks of flesh


   Skills:
 * Level 20.5(25.5) Fighting
 * Level 20.4(25.4) Long Blades
 + Level 12.9(17.9) Throwing
 * Level 20.4(25.4) Armour
 + Level 13.8(18.8) Dodging
 + Level 8.7(13.7) Stealth
 * Level 20.5(25.5) Shields
 + Level 10.8 Invocations
 + Level 8.9 Evocations


You had 13 spell levels left.
You didn't know any spells.
Your spell library was empty.

Dungeon Overview and Level Annotations

Branches:
Dungeon (1/1)

Altars:
Cheibriados
Dithmenos
Elyvilon
Fedhas
Gozag
Hepliaklqana
Kikubaaqudgha
Makhleb
Nemelex Xobeh
Okawaru
Qazlal
Ru
Sif Muna
Trog
Uskayaw
Vehumet
Wu Jian
Xom
Yredelemnul
Zin
The Shining One
Beogh
Jiyva
Lugonu

Shops:
D [!}

Annotations:
D Nikola


Innate Abilities, Weirdness & Mutations

You reflexively headbutt those who attack you in melee.
You have a pair of horns on your head.
You are partially covered in large bone plates. (SH +4)
Your flesh is cold resistant. (rC+)


Message History

The zap hits you!
You hear a deafening roar!
You gain the combat prowess of a mighty hero.
You block Nikola's attack.
You can now deal lightning-fast blows.
Nikola hits you but does no damage.
You slice Nikola!! Your headbutt misses Nikola.
Nikola is heavily wounded.
You hit Nikola. You headbutt Nikola.
Nikola is heavily wounded.
Nikola mumbles some strange words.
Nikola blinks!
Unknown command.
Nikola gestures wildly while chanting.
You hear a mighty clap of thunder!
The lightning arc hits you!
The lightning arc hits Nikola.
The lightning arc hits you!
* * * LOW HITPOINT WARNING * * *
The lightning arc hits Nikola.
The lightning arc hits you!
You die...

▓▓▓▓▓▓♣♣♣♣♣♣♣♣♣♣♣♣♣♣▓▓▓▓
...@...@................
▓▓▓▓▓▓▓▓▓▓▓▓▓▓▓▓▓▓▓▓▓▓▓▓▓▓▓▓▓▓▓▓▓
..))))))...[[[[[[................
▓▓▓▓▓▓▓▓▓▓▓▓▓▓▓▓▓▓▓▓▓▓▓▓▓▓▓▓▓▓▓▓▓
.................................
▓▓▓▓▓▓▓▓▓▓▓▓▓▓▓▓▓▓▓▓▓▓▓▓▓▓▓▓▓▓▓▓▓
).))))[(.......(())))))(())......
▓▓▓▓▓▓▓▓▓▓▓▓▓▓▓▓▓▓▓▓▓▓▓▓▓▓▓▓▓▓▓▓▓
...........)............)...(.)((


You could see Nikola.

Vanquished Creatures
  Frederick (D)
  Saint Roka (D)
  Rupert (D)
  Frances (D)
  Kirke (D)
  A fire giant (D)
  A ghost moth (D)
  An ironheart preserver (D)
  A very ugly thing (D)
  4 stone giants (D)
  Nessos (D)
  A vampire knight (D)
  Azrael (D)
  2 ettins (D)
  Snorg (D)
  A great orb of eyes (D)
  2 fire dragons (D)
  Erolcha (D)
  A rakshasa (D)
  3 ice dragons (D)
  A naga warrior (D)
  A hydra (D)
  An anaconda (D)
  A spriggan air mage (D)
  3 ogre magi (D)
  A merfolk aquamancer (D)
  2 centaur warriors (D)
  3 alligators (D)
  A tengu warrior (D)
  3 deep troll shamans (D)
  A shock serpent (D)
  Sonja (D)
  A hell knight (D)
  An unseen horror (D)
  An unseen horror (shapeshifter) (D)
  A sea snake (D)
  A glowing orange brain (D)
  A naga ritualist (D)
  A lindwurm (D)
  2 ironbrand convokers (D)
  5 orc knights (D)
  2 orb spiders (D)
  A wolf spider (D)
  4 ugly things (D)
  8 orc sorcerers (D)
  A manticore (D)
  A guardian serpent (D)
  2 vault sentinels (D)
  Psyche (D)
  A black mamba (D)
  A naga mage (D)
  A gargoyle (D)
  3 spiny frogs (D)
  2 komodo dragons (D)
  5 yaktaurs (D)
  A wind drake (D)
  2 hornets (D)
  A queen bee (shapeshifter) (D)
  A slime creature (D)
  A bog body (D)
  3 tyrant leeches (D)
  4 merfolk (D)
  A snapping turtle (D)
  A hippogriff (D)
  2 shadows (D)
  2 yaks (D)
  2 fire elementals (D)
  A human (shapeshifter) (D)
  4 redbacks (D)
  A tarantella (D)
  A basilisk (D)
  3 humans (D)
  A hungry ghost (D)
  A wyvern (D)
  A warg (D)
  2 nagas (D)
  A water moccasin (D)
  2 hell hounds (D)
  A porcupine (D)
  11 orc warriors (D)
  2 crocodiles (D)
  A big kobold (D)
  5 bullfrogs (D)
  A scorpion (D)
  An orc priest (D)
  A hound (D)
  10 orc wizards (D)
  An adder (D)
  A shadow imp (D)
  An adder skeleton (D)
  4 worms (D)
  A dart slug (D)
  13 orcs (D)
  A bat skeleton (D)
  2 bat zombies (D)
  A goblin (D)
  A hobgoblin (D)
  A quokka (D)
  A bat (D)
  A bat simulacrum (D)
  A giant cockroach zombie (D)
  A kobold (D)
  A quokka skeleton (D)
197 creatures vanquished.

Vanquished Creatures (others)
  A shambling mangrove (D)
  Erica (D)
  An alligator (D)
  A hornet (D)
  A swamp drake (D)
  An orc priest (D)
6 creatures vanquished.

Grand Total: 203 creatures vanquished

Notes
Turn   | Place    | Note
-------+----------+-------------------------------------------
     0 | D        | Kidiri the Minotaur Fighter began the quest for the Orb.
     0 | D        | Reached XP level 1. HP: 19/19 MP: 0/0
   122 | D        | Noticed a hound
   124 | D        | Reached skill level 1 in Dodging
   124 | D        | Reached XP level 2. HP: 27/27 MP: 1/1
   132 | D        | Reached skill level 1 in Throwing
   143 | D        | Reached skill level 5 in Fighting
   143 | D        | Reached skill level 5 in Armour
   143 | D        | Reached skill level 5 in Shields
   143 | D        | Reached XP level 3. HP: 23/36 MP: 2/2
   154 | D        | Found a roughly hewn altar of Beogh.
   154 | D        | Found a snail-covered altar of Cheibriados.
   154 | D        | Found a shadowy altar of Dithmenos.
   154 | D        | Found a white marble altar of Elyvilon.
   154 | D        | Found a blossoming altar of Fedhas.
   154 | D        | Found an opulent altar of Gozag.
   155 | D        | Found a hazy altar of Hepliaklqana.
   156 | D        | Found a viscous altar of Jiyva.
   157 | D        | Found an ancient bone altar of Kikubaaqudgha.
   158 | D        | Found a corrupted altar of Lugonu.
   159 | D        | Found a burning altar of Makhleb.
   160 | D        | Found a sparkling altar of Nemelex Xobeh.
   161 | D        | Found an iron altar of Okawaru.
   162 | D        | Found a stormy altar of Qazlal.
   163 | D        | Found a sacrificial altar of Ru.
   164 | D        | Found a deep blue altar of Sif Muna.
   165 | D        | Found a bloodstained altar of Trog.
   166 | D        | Found a hide-covered altar of Uskayaw.
   167 | D        | Found a radiant altar of Vehumet.
   168 | D        | Found an ornate altar of the Wu Jian Council.
   169 | D        | Became a worshipper of Warmaster Okawaru
   170 | D        | Found a shimmering altar of Xom.
   171 | D        | Found a basalt altar of Yredelemnul.
   172 | D        | Found a glowing silver altar of Zin.
   173 | D        | Found a glowing golden altar of the Shining One.
   250 | D        | Noticed a gargoyle
   250 | D        | Noticed a big kobold
   250 | D        | Noticed a hungry ghost
   250 | D        | Noticed a wyvern
   258 | D        | Killed a gargoyle
   258 | D        | Reached * piety under Okawaru
   258 | D        | Reached XP level 4. HP: 18/48 MP: 3/3
   258 | D        | Reached XP level 5. HP: 20/53 MP: 4/4
   258 | D        | Reached XP level 6. HP: 23/61 MP: 5/5
   261 | D        | Killed an unseen horror
   261 | D        | Reached ** piety under Okawaru
   261 | D        | Reached skill level 5 in Throwing
   261 | D        | Reached skill level 5 in Dodging
   261 | D        | Reached XP level 7. HP: 24/71 MP: 6/6
   264 | D        | Reached skill level 10 in Fighting
   271 | D        | Killed a hungry ghost
   271 | D        | Reached skill level 10 in Armour
   271 | D        | Reached skill level 10 in Shields
   271 | D        | Reached XP level 8. HP: 29/79 MP: 7/7
   275 | D        | Reached skill level 10 in Long Blades
   571 | D        | Reached *** piety under Okawaru
   732 | D        | Noticed Psyche
   739 | D        | Killed Psyche
   824 | D        | Gained mutation: You are partially covered in icy blue
                  | scales. (AC +2) [potion of mutation]
   824 | D        | Gained mutation: Your magical capacity is low. (-10% MP)
                  | [potion of mutation]
   824 | D        | Lost mutation: Your magical capacity is low. (-10% MP)
                  | [potion of mutation]
   824 | D        | Gained mutation: You are agile. (Dex +2) [potion of
                  | mutation]
   835 | D        | Noticed a spiny frog
   835 | D        | Noticed a komodo dragon
   836 | D        | Noticed a hippogriff
   847 | D        | Killed a spiny frog
   847 | D        | Received a gift from Okawaru
   847 | D        | Reached XP level 9. HP: 89/89 MP: 6/8
   856 | D        | Killed a komodo dragon
   862 | D        | Reached **** piety under Okawaru
   932 | D        | Noticed a spiny frog
   932 | D        | Noticed a spiny frog
   932 | D        | Noticed a komodo dragon
   937 | D        | Killed a spiny frog
   948 | D        | Killed a spiny frog
   963 | D        | Killed a komodo dragon
   963 | D        | Reached XP level 10. HP: 74/100 MP: 6/9
   965 | D        | Reached ***** piety under Okawaru
  1075 | D        | Noticed a lindwurm
  1084 | D        | Killed a lindwurm
  1084 | D        | Reached skill level 1 in Invocations
  1394 | D        | Noticed Sonja
  1398 | D        | Killed Sonja
  1398 | D        | Received a gift from Okawaru
  1558 | D        | Noticed an orc sorcerer
  1558 | D        | Noticed an orc knight
  1558 | D        | Noticed an orc sorcerer
  1559 | D        | Noticed an orc knight
  1561 | D        | Killed an orc sorcerer
  1561 | D        | Received a gift from Okawaru
  1574 | D        | Killed an orc knight
  1574 | D        | Received a gift from Okawaru
  1580 | D        | Killed an orc sorcerer
  1587 | D        | Killed an orc knight
  1587 | D        | Reached XP level 11. HP: 97/110 MP: 5/12
  1677 | D        | Found Guduh's Armour Emporium.
  1677 | D        | Noticed an orc sorcerer
  1678 | D        | Noticed an orc sorcerer
  1688 | D        | Killed an orc sorcerer
  1690 | D        | Killed an orc sorcerer
  1690 | D        | Received a gift from Okawaru
  1698 | D        | Found Qenielafal's Distillery.
  1698 | D        | Noticed an orc sorcerer
  1703 | D        | Found Doisseul's Gadget Emporium.
  1704 | D        | Noticed an orc sorcerer
  1708 | D        | Killed an orc sorcerer
  1710 | D        | Found Ysaqoaku's Distillery.
  1713 | D        | Paralysed by an orc sorcerer for 2 turns
  1720 | D        | Killed an orc sorcerer
  1720 | D        | Received a gift from Okawaru
  1728 | D        | Noticed an orc sorcerer
  1741 | D        | Killed an orc sorcerer
  1746 | D        | Reached skill level 15 in Fighting
  1764 | D        | Bought a potion of resistance for 110 gold pieces
  1764 | D        | Bought a potion of curing for 33 gold pieces
  1764 | D        | Bought a potion of heal wounds for 55 gold pieces
  1764 | D        | Bought a potion of lignification for 33 gold pieces
  1764 | D        | Bought 2 potions of might for 88 gold pieces
  1764 | D        | Bought a potion of agility for 44 gold pieces
  1764 | D        | Bought a potion of mutation for 88 gold pieces
  1764 | D        | Bought 2 potions of lignification for 66 gold pieces
  1808 | D        | Bought a +2 hat for 176 gold pieces
  1815 | D        | Bought a potion of haste for 100 gold pieces
  1815 | D        | Bought a potion of heal wounds for 50 gold pieces
  1815 | D        | Bought a potion of lignification for 30 gold pieces
  1815 | D        | Bought 2 potions of magic for 160 gold pieces
  1815 | D        | Bought 2 potions of magic for 160 gold pieces
  1815 | D        | Bought a potion of might for 40 gold pieces
  1815 | D        | Bought a potion of haste for 100 gold pieces
  1815 | D        | Bought a potion of might for 40 gold pieces
  1815 | D        | Bought a potion of curing for 30 gold pieces
  1815 | D        | Bought a potion of invisibility for 80 gold pieces
  1835 | D        | Noticed Erolcha
  1852 | D        | Killed Erolcha
  1852 | D        | Reached skill level 15 in Armour
  1852 | D        | Reached skill level 10 in Dodging
  1852 | D        | Reached skill level 15 in Shields
  1852 | D        | Reached skill level 5 in Invocations
  2077 | D        | Noticed a purple ugly thing
  2077 | D        | Noticed an ogre mage
  2077 | D        | Noticed a tengu warrior
  2078 | D        | Noticed a brown ugly thing
  2082 | D        | Killed an ogre mage
  2082 | D        | Reached skill level 15 in Long Blades
  2084 | D        | Killed a purple ugly thing
  2084 | D        | Reached skill level 1 in Stealth
  2084 | D        | Reached skill level 1 in Evocations
  2087 | D        | Noticed a centaur warrior
  2088 | D        | Killed a tengu warrior
  2096 | D        | Noticed a rakshasa
  2098 | D        | Killed a brown ugly thing
  2102 | D        | Killed a centaur warrior
  2119 | D        | Noticed an ettin
  2130 | D        | Killed a rakshasa
  2130 | D        | Reached XP level 12. HP: 121/122 MP: 9/15
  2130 | D        | Noticed a deep troll shaman
  2140 | D        | Killed an ettin
  2140 | D        | Received a gift from Okawaru
  2144 | D        | Killed a deep troll shaman
  2144 | D        | Received a gift from Okawaru
  2171 | D        | Lost mutation: You are agile. (Dex +2) [potion of mutation]
  2171 | D        | Lost mutation: You are partially covered in icy blue
                  | scales. (AC +2) [potion of mutation]
  2171 | D        | Gained mutation: You are weak. (Str -2) [potion of
                  | mutation]
  2171 | D        | Gained mutation: You are resistant to hostile enchantments.
                  | (MR+) [potion of mutation]
  2171 | D        | Gained mutation: Your mind is acute. (Int +2) [potion of
                  | mutation]
  2171 | D        | Gained mutation: Your mind is very acute. (Int +4) [potion
                  | of mutation]
  2172 | D        | Lost mutation: Your mind is very acute. (Int +4) [potion of
                  | mutation]
  2172 | D        | Lost mutation: Your mind is acute. (Int +2) [potion of
                  | mutation]
  2172 | D        | Lost mutation: You are resistant to hostile enchantments.
                  | (MR+) [potion of mutation]
  2172 | D        | Gained mutation: Scrolls take you a little longer to read.
                  | [potion of mutation]
  2172 | D        | Gained mutation: Your flesh is cold resistant. (rC+)
                  | [potion of mutation]
  2173 | D        | Lost mutation: Scrolls take you a little longer to read.
                  | [potion of mutation]
  2173 | D        | Lost mutation: Your flesh is cold resistant. (rC+) [potion
                  | of mutation]
  2173 | D        | Lost mutation: You are weak. (Str -2) [potion of mutation]
  2173 | D        | Gained mutation: You are partially covered in large bone
                  | plates. (SH +4) [potion of mutation]
  2173 | D        | Gained mutation: Your flesh is cold resistant. (rC+)
                  | [potion of mutation]
  2285 | D        | Noticed Azrael
  2300 | D        | Killed Azrael
  2300 | D        | Reached skill level 10 in Throwing
  2440 | D        | Noticed an anaconda
  2452 | D        | Killed an anaconda
  2452 | D        | Received a gift from Okawaru
  2453 | D        | Noticed a naga warrior
  2487 | D        | Killed a naga warrior
  2499 | D        | Got a jewelled ring mail {god gift}
  2510 | D        | Identified the +1 ring mail of the Merchant {rF+ rC+ rCorr
                  | Stlth-} (Okawaru gifted it to you in the Dungeon)
  2637 | D        | Killed a ghost moth
  2939 | D        | Noticed an alligator
  2939 | D        | Noticed a six-headed hydra
  2939 | D        | Noticed an alligator
  2939 | D        | Noticed a shambling mangrove
  2941 | D        | Killed an alligator
  2942 | D        | Noticed an alligator
  2947 | D        | Killed a three-headed hydra
  2947 | D        | Reached XP level 13. HP: 124/132 MP: 10/17
  2957 | D        | Reached skill level 5 in Evocations
  2984 | D        | Reached skill level 5 in Stealth
  3124 | D        | Received a gift from Okawaru
  3244 | D        | Noticed Saint Roka
  3254 | D        | Noticed Erica
  3254 | D        | Noticed Nessos
  3279 | D        | Killed Saint Roka
  3292 | D        | Killed Erica
  3309 | D        | Killed Nessos
  3338 | D        | Noticed Snorg
  3479 | D        | Noticed Rupert
  3487 | D        | Killed Snorg
  3494 | D        | Killed Rupert
  3505 | D        | Noticed Frances
  3523 | D        | Killed Frances
  3523 | D        | Received a gift from Okawaru
  3544 | D        | Noticed Kirke
  3558 | D        | Killed Kirke
  3655 | D        | Noticed a stone giant
  3655 | D        | Noticed an ettin
  3660 | D        | Noticed a fire giant
  3667 | D        | Killed a stone giant
  3667 | D        | Received a gift from Okawaru
  3668 | D        | Noticed a fire dragon
  3675 | D        | Noticed a vampire knight
  3678 | D        | Reached XP level 14. HP: 124/144 MP: 13/20
  3682 | D        | Received a gift from Okawaru
  3684 | D        | Killed a fire giant
  3684 | D        | Received a gift from Okawaru
  3691 | D        | Received a gift from Okawaru
  3696 | D        | Paralysed by something for 3 turns
  3705 | D        | Killed a vampire knight
  3727 | D        | Noticed a stone giant
  3736 | D        | Received a gift from Okawaru
  3760 | D        | Killed a stone giant
  3760 | D        | Reached skill level 10 in Invocations
  4083 | D        | Noticed an ironheart preserver
  4083 | D        | Noticed a white very ugly thing
  4088 | D        | Killed a white very ugly thing
  4088 | D        | Received a gift from Okawaru
  4094 | D        | Killed an ironheart preserver
  4114 | D        | Noticed a stone giant
  4126 | D        | Noticed a stone giant
  4133 | D        | Reached ****** piety under Okawaru
  4141 | D        | Killed a stone giant
  4156 | D        | Killed a stone giant
  4156 | D        | Received a gift from Okawaru
  4504 | D        | Noticed Frederick
  4520 | D        | Killed Frederick
  4553 | D        | Noticed Nikola
  4571 | D        | HP: 6/149 [Nikola/chain lightning (39)]
  4571 | D        | Killed from afar by Nikola

Vault maps used:
D:        linesprint

Skill      XL: |  1  2  3  4  5  6  7  8  9 10 11 12 13 14 |
---------------+-------------------------------------------+-----
Fighting       | 4 5 8 9 10 11 12 14 15 17 18 20 | 20.5
Long Blades    | 3 4 7 9 11 12 14 15 17 18 20 | 20.4
Armour         | 4 5 8 9 10 11 12 14 15 17 18 20 | 20.4
Shields        | 4 5 8 9 10 11 12 14 15 17 18 20 | 20.5
Dodging        | 1 2 4 5 7 8 9 10 11 12 13 | 13.8
Throwing       | 1 4 5 6 7 8 9 10 11 12 | 12.9
Invocations    | 3 6 7 9 10 | 10.8
Stealth        | 2 4 6 8 |  8.7
Evocations     | 2 4 7 8 |  8.9

Action                   |  1- 3 |  4- 6 |  7- 9 | 10-12 | 13-15 || total
-------------------------+-------+-------+-------+-------+-------++-------
Melee: Long sword        |    33 |       |       |       |       ||    33
       Headbutt          |     7 |     1 |    31 |    83 |    94 ||   216
       Scimitar          |     6 |     3 |   100 |   158 |    79 ||   346
       Double sword      |       |       |       |   153 |   223 ||   376
Throw: Tomahawk          |       |       |       |    33 |     4 ||    37
       Stone             |       |       |       |    11 |     1 ||    12
       Javelin           |       |       |       |       |    14 ||    14
Invok: Heroism           |       |       |     5 |    15 |    11 ||    31
       Finesse           |       |       |       |    10 |    10 ||    20
  Use: Potion            |     1 |       |     1 |     3 |     7 ||    12
       Scroll            |       |       |     2 |       |       ||     2
 Stab: Sleeping          |       |       |     1 |     3 |     2 ||     6
       Distracted        |       |       |       |     1 |       ||     1
       Confused          |       |       |       |       |     2 ||     2
  Eat: Chunk             |       |       |     2 |     7 |     3 ||    12
       Ration            |       |       |       |       |     1 ||     1
Armor: Scale mail        |    14 |       |       |       |       ||    14
       Ring mail         |     1 |     1 |     9 |     3 |    12 ||    26
       Plate armour      |       |       |       |     8 |       ||     8
       Chain mail        |       |       |       |    14 |       ||    14
Dodge: Dodged            |    14 |     1 |    29 |    50 |    50 ||   144
Block: Shield            |    19 |     1 |    48 |   111 |   124 ||   303
       Large shield      |       |       |       |       |     5 ||     5
       Rpst.: Long sword |     4 |       |       |       |       ||     4
       Scimitar          |     1 |       |     7 |     8 |     2 ||    18
       Double sword      |       |       |       |     6 |     5 ||    11

Table legend:
 A = Non-vault XP
 B = Vault XP
 C = Vault XP percentage of total XP
 D = Non-vault monster count
 E = Vault monster count
 F = Vault count percentage of total count
                 A         B        C        D         E       F
            +---------+---------+-------+---------+---------+-------
      Total |     298 |   99000 |  99.7 |       1 |     196 |  99.5
            +---------+---------+-------+---------+---------+-------
          D |     298 |   99000 |  99.7 |       1 |     196 |  99.5
            +---------+---------+-------+---------+---------+-------
